 Dungeon Crawl Stone Soup version 0.18-a0-900-gbbf5c82 (webtiles) character file.

165 motkuuri the Conjurer (level 5, -1/28 HPs)
             Began as a Deep Elf Conjurer on Dec 24, 2015.
             Slain by a hobgoblin zombie (2 damage)
             ... in an ossuary.
             The game lasted 00:09:57 (2563 turns).

motkuuri the Conjurer (Deep Elf Conjurer)           Turns: 2563, Time: 00:09:57

Health: -1/28      AC:  2    Str:  5    XL:     5   Next: 22%
Magic:  8/13       EV: 11    Int: 21    God:
Gold:   173        SH:  0    Dex: 15    Spells: 3 memorised, 5 levels left

rFire  . . .     SeeInvis .     o - -3 flail (curse)
rCold  . . .     Gourm    .     a - +0 robe
rNeg   . . .     Faith    .     (no shield)
rPois  .         Spirit   .     (no helmet)
rElec  .         Dismiss  .     (no cloak)
rCorr  .         Reflect  .     p - +1 pair of gloves
SustAt .         Harm     .     (no boots)
MR     .....                    (no amulet)
Stlth  ++........               m - -2 ring of evasion (curse)
                                i - -2 ring of protection (curse)

@: not resistant to hostile enchantments, unstealthy
A: no striking features
a: no special abilities


You were in an ossuary.
You were not hungry.

You visited 1 branch of the dungeon, and saw 4 of its levels.
You also visited: Ossuary.

You collected 173 gold pieces.

Inventory:

Hand Weapons
 e - a +0 short sword
 o - a cursed -3 flail (weapon)
 r - a +2 falchion of electrocution
Armour
 a - a +0 robe (worn)
 p - a +1 pair of gloves (worn)
Jewellery
 d - a cursed -3 ring of protection
 i - a cursed -2 ring of protection (left hand)
 m - a cursed -2 ring of evasion (right hand)
Scrolls
 g - a scroll of amnesia
 h - 5 scrolls of identify
 k - a scroll of magic mapping {unknown}
 q - a scroll of teleportation {unknown}
Potions
 s - a potion of agility {unknown}
Books
 b - a book of Conjurations

   Spells                             Type                      Level
   a - Magic Dart                     Conjuration                  1
   b - Searing Ray                    Conjuration                  2
   c - Dazzling Spray                 Conjuration/Hexes            3
   d - Fulminant Prism                Conjuration/Hexes            4
   e - Iskenderun's Mystic Blast      Conjuration                  4
   f - Iskenderun's Battlesphere      Conjuration/Charms           5
 n - a book of Changes

   Spells                             Type                      Level
   a - Beastly Appendage              Transmutation                1
   b - Sticks to Snakes               Transmutation                2
   c - Spider Form                    Transmutation/Poison         3
   d - Ice Form                       Ice/Transmutation            4
   e - Blade Hands                    Transmutation                5
Comestibles
 c - a bread ration
 f - 4 meat rations
 j - a beef jerky
 l - a royal jelly


   Skills:
 - Level 3.0 Dodging
 - Level 2.4 Stealth
 + Level 4.3 Spellcasting
 * Level 6.4 Conjurations


You had 5 spell levels left.
You knew the following spells:

 Your Spells              Type           Power        Failure   Level  Hunger
b - Searing Ray           Conj           ####..       1%          2    #......
c - Magic Dart            Conj           ####         1%          1    None
d - Iskenderun's Mystic   Conj           ####....     10%         4    ####...


Dungeon Overview and Level Annotations

Branches:
Dungeon (4/15)
 Temple: D:4-7

Altars:
Cheibriados
Elyvilon
Fedhas
Makhleb
Okawaru
Pakellas
Qazlal
Trog
Yredelemnul


Message History

There is an empty arch of ancient stone here.
There is a gate leading back out of this place here.
The human zombie hits you but does no damage.
The hound zombie closely misses you.
The hobgoblin zombie closely misses you.
The hound zombie bites you but does no damage.
The human zombie hits you but does no damage.
A mummy comes into view.
The hound zombie barely misses you. The hound zombie misses you.
The hound zombie bites you but does no damage.
A mummy comes into view.
The hound zombie bites you. The human zombie hits you!
The hound zombie bites you but does no damage.
The human zombie completely misses you. The elf zombie hits you!
* * * LOW HITPOINT WARNING * * *
The hound zombie bites you.
* * * LOW HITPOINT WARNING * * *
The hobgoblin zombie hits you.
You die...

...............# .....#
...............##.....#
......................
..Z..............M....
...................#
..................#
.......∩∩.........#
..........Z.Z.....##
.........@ZZZ......#.
..Z........ZZZ........#
...........Z...##.....#
...............# .....#
.......Z.........M....#
......................#
...#####.........##+#
... ..........#
...........#


You could see an adder zombie, 3 hound zombies, 2 hobgoblin zombies, a kobold
zombie, a big kobold zombie, an orc zombie (dormant), an elf zombie and 2 human
zombies.

Vanquished Creatures
  A scorpion (D:4)
  An iguana (D:4)
  3 adders
  An ooze (D:3)
  5 worms (D:2)
  5 giant geckos
  2 orcs (D:4)
  3 bats
  3 giant cockroaches
  6 goblins
  3 hobgoblins
  2 jackals (D:2)
  4 kobolds
  6 giant newts
  5 rats (D:2)
50 creatures vanquished.

Notes
Turn   | Place    | Note
--------------------------------------------------------------
     0 | D:1      | motkuuri the Deep Elf Conjurer began the quest for the Orb.
     0 | D:1      | Reached XP level 1. HP: 10/10 MP: 6/6
   737 | D:1      | Reached XP level 2. HP: 15/15 MP: 4/8
  1012 | D:2      | Learned a level 2 spell: Searing Ray
  1151 | D:2      | Reached skill level 5 in Conjurations
  1301 | D:2      | Reached XP level 3. HP: 19/19 MP: 3/9
  1452 | D:2      | Noticed a moth of wrath
  1750 | D:2      | Found a blossoming altar of Fedhas.
  1750 | D:2      | Found a white marble altar of Elyvilon.
  1750 | D:2      | Found an iron altar of Okawaru.
  1750 | D:2      | Found a basalt altar of Yredelemnul.
  1751 | D:2      | Found a stormy altar of Qazlal.
  1753 | D:2      | Found a snail-covered altar of Cheibriados.
  1754 | D:2      | Found an oddly glowing altar of Pakellas.
  1755 | D:2      | Found a burning altar of Makhleb.
  1931 | D:2      | Found a bloodstained altar of Trog.
  2084 | D:2      | Reached XP level 4. HP: 24/24 MP: 9/11
  2115 | D:2      | Learned a level 4 spell: Iskenderun's Mystic Blast
  2340 | D:3      | Found a faded altar to an unknown god.
  2407 | D:4      | Reached skill level 6 in Conjurations
  2524 | D:4      | Reached XP level 5. HP: 17/28 MP: 9/13
  2536 | D:4      | Found a sand-covered staircase.
  2549 | Ossuary  | Entered an ossuary
  2562 | Ossuary  | HP: 1/28 [hound zombie (2)]
  2563 | Ossuary  | Slain by a hobgoblin zombie

Vault maps used:
D:1:      dpeg_arrival_three_smaller_balls, roderic_hopi_sauvastika,
          minivault_24, minmay_misc_feat_ornament
D:2:      minitemple, tgw_trog
D:3:      led_sif_book, ecumenical_altar_1
D:4:      serial_shops, shop, nicolae_ossuary_entry_plus
Ossuary:  ossuary_minmay_tomb_2a

Action                   |  1- 3 |  4- 6 || total
-------------------------+-------+-------++-------
 Cast: Magic Dart        |    51 |    18 ||    69
       Searing Ray       |     6 |     6 ||    12
       Iskenderun's Myst |       |     1 ||     1
  Use: Scroll            |     2 |     2 ||     4
       Potion            |       |     1 ||     1
  Eat: Chunk             |     4 |     1 ||     5
